 Dungeon Crawl Stone Soup version 0.29-a0-266-gf56f883ddd (webtiles) character file.

Game seed: 3234429814010840294

134 spaghetti the Skirmisher (level 4, 0/40 HPs)
             Began as a Demigod Fighter on Mar 6, 2022.
             Slain by a gnoll
             ... wielding a +2 vorpal flail
              (9 damage)
             ... on level 3 of the Dungeon.
             The game lasted 00:02:56 (2508 turns).

spaghetti the Skirmisher (Demigod Fighter)          Turns: 2508, Time: 00:02:57

Health: 0/40       AC:  8    Str: 21    XL:     4   Next: 64%
Magic:  6/6        EV:  9    Int: 10    God:
Gold:   105        SH:  4    Dex: 13    Spells: 3/3 levels left

rFire   . . .      SeeInvis .   e - +0 dagger (venom) {short}
rCold   . . .      Faith    .   b - +0 buckler
rNeg    . . .      Spirit   .   a - +0 scale mail
rPois   .          Reflect  .   j - +0 helmet
rElec   .          Harm     .   (no cloak)
rCorr   .          Rampage  .   (no gloves)
Will    .....                   (no boots)
Stlth   ..........              (no amulet)
HPRegen 0.13/turn               (no ring)
MPRegen 0.10/turn               (no ring)

@: no status effects
A: high MP 1, forlorn, divine attributes
a: no special abilities


You were on level 3 of the Dungeon.
You visited 1 branch of the dungeon, and saw 3 of its levels.

You collected 105 gold pieces.


Innate Abilities, Weirdness & Mutations

You have an increased reservoir of magic. (+10% MP)
You shall have no god before yourself.
Your divine heritage dramatically boosts your attributes as you level up.


   Skills:
 + Level 4.2 Fighting
 + Level 4.0 Armour
 - Level 2.6 Shields
 - Level 1.7 Unarmed Combat


You had 3 spell levels left.
You didn't know any spells.
Your spell library contained the following spells:

 Spells                   Type           Power      Damage    Failure   Level
 Gell's Gravitas          Tloc           0%         N/A       99%         3
 Lesser Beckoning         Tloc           0%         N/A       99%         3
 Teleport Other           Tloc           0%         N/A       99%         3

Inventory:

Hand Weapons
 e - a +0 dagger of venom (weapon) {short}
   (You took it off a kobold on level 2 of the Dungeon)
 f - a +0 dagger {short}
   (You took it off a goblin on level 1 of the Dungeon)
 g - a +0 club {mace}
   (You took it off a goblin on level 1 of the Dungeon)
 h - a +2 mace of protection {mace}
   (You found it on level 1 of the Dungeon)
 n - a +2 antimagic dagger {short}
   (You took it off a goblin on level 2 of the Dungeon)
 p - a +2 spectral club {mace}
   (You took it off Ijyb on level 3 of the Dungeon)
Missiles
 i - 80 stones (quivered) {throwing}
Armour
 a - a +0 scale mail (worn)
 b - a +0 buckler (worn)
 j - a +0 helmet (worn)
   (You found it on level 1 of the Dungeon)
Wands
 q - a wand of polymorph (12)
   (You took it off Ijyb on level 3 of the Dungeon)
Scrolls
 o - a scroll of teleportation {@r4}
Potions
 c - a potion of might
 d - 2 potions of degeneration {!q@e2}
 k - a potion of flight {unknown}
 l - 2 potions of curing {unknown}
 m - a potion of invisibility {unknown}

Dungeon Overview and Level Annotations

Branches:
Dungeon (3/15)

### #####..... ..#
.........#### #.#
...#.......###.## .
###...##.#.......# .
............#.#..###. #
###..................
#.#.............#..)...
#.....@gg.............. .
####............#..###). ..
#.......#.#........###..
#.#.#..##.###.##..........
.#...#..##.....###.#...##..
........##.###.###.#...# ..
...#.....#.###.........# ..
.#.......................
..........................


You could see 2 gnolls.


Message History

You are too injured to fight recklessly!
The bat barely misses you.
Items here: ) / [ †. 😮 HP[+1]
p - a +2 spectral club {mace} The bat completely misses you.
Unknown command.
You block the bat's attack. The bat hits you but does no damage.
The bat hits you but does no damage. The bat hits you but does no damage.
The bat barely misses you.
You see here 11 gold pieces.
The bat hits you but does no damage.
You completely miss the bat. The bat closely misses you.
The bat hits you but does no damage. The bat misses you. 😮 HP[+1]
The bat attacks as you move away! The bat hits you but does no damage. x2
The bat hits you but does no damage. The bat hits you but does no damage.
You block the bat's attack.
You hit the bat. The bat barely misses you.
The bat hits you but does no damage. The bat barely misses you.
You barely miss the bat. The bat closely misses you. 😮 HP[+1]
You barely miss the bat. The bat completely misses you.
The bat hits you but does no damage. The bat barely misses you.
The bat hits you but does no damage. The bat hits you but does no damage.
The bat hits you but does no damage. The bat misses you.
You barely miss the bat. The bat barely misses you. 😮 HP[+1]
You hit the bat.
You kill the bat!
You see here a bat corpse.
You are too injured to fight recklessly!
Key pressed, stopping explore.
q - a wand of polymorph (12)
Things that are here:
a +0 leather armour; the goblin corpse of Ijyb 😎 HP[+11]
Your hp is fully restored (40).
You now have 105 gold pieces (gained 11).
Found a stone staircase leading down.
Key pressed, stopping explore.
A gnoll comes into view. It is wielding a +0 halberd.
The gnoll shouts!
You hear a shout!
A goblin and a gnoll come into view.
The goblin shouts!
The gnoll shouts!
A gnoll comes into view. It is wielding a +2 vorpal flail.
The goblin throws a stone.
The stone barely misses you.
The gnoll shouts!
You barely miss the goblin.
The gnoll hits you from afar with a +0 halberd.
You block the goblin's attack. 😕 HP[-1]
You take 1 damage, and now have 39/40 hp.
You hit the goblin but do no damage.
The goblin is poisoned.
The gnoll barely misses you. You block the goblin's attack. 😎 HP[+1]
Your hp is fully restored (40).
You hit the goblin but do no damage.
The goblin looks as sick as possible!
You kill the goblin!
The gnoll hits you but does no damage.
You hit the gnoll.
The gnoll is poisoned.
The gnoll hits you with a +0 whip.
The gnoll hits you but does no damage. 😕 HP[-5]
You take 5 damage, and now have 35/40 hp.
You hit the gnoll.
The gnoll looks as sick as possible!
You block the gnoll's attack. The gnoll barely misses you.
The gnoll hits you from afar with a +0 halberd! 😮 HP[-10]
You take 10 damage, and now have 25/40 hp.
MASSIVE DAMAGE!! (PAUSE) Unknown command.
You kill the gnoll!
Your Armour skill increases to level 4!
The gnoll attacks as you move away! The gnoll barely misses you. 😮 HP[+1]
The gnoll attacks as you move away! You block the gnoll's attack.
The gnoll attacks as you move away!
The gnoll hits you with a +2 vorpal flail.
* * * LOW HITPOINT WARNING * * *
😨 HP[-6]
You take 6 damage, and now have 20/40 hp.
The gnoll attacks as you move away!
The gnoll hits you with a +2 vorpal flail!
* * * LOW HITPOINT WARNING * * *
x2 The gnoll attacks as you move away!
You block the gnoll's attack.
There is a stone staircase leading down here. 😱 HP[-11]
You take 11 damage, and now have 9/40 hp.
MASSIVE DAMAGE!! (PAUSE) Unknown command.
Unknown command.
Unknown command.
The gnoll hits you with a +2 vorpal flail!
You die...

Skill      XL: |  1  2  3  4 |
---------------+-------------+-----
Fighting       | 3 4 |  4.2
Armour         | 3 4 |  4.0
Shields        | |  2.6
Unarmed Combat | |  1.7

Action                   |  1- 3 |  4- 6 || total
-------------------------+-------+-------++-------
Melee: Unarmed           |    53 |       ||    53
       Mace              |    58 |       ||    58
       Dagger            |    49 |    80 ||   129
  Use: Scroll            |     4 |     1 ||     5
Armor: Scale mail        |   106 |    52 ||   158
Dodge: Dodged            |   103 |    53 ||   156
Block: Buckler           |    41 |    32 ||    73

Levels and vault maps discovered:
D:1:      dpeg_arrival_ternary, layout_rooms, dreamdust_ecumenical_altar_grove,
          chequers_serial_rivers_micro_e, wad_floor_pattern_untrapped
D:2:      layout_basic, uniq_robin
D:3:      layout_basic, nicolae_overflow_crystal_walls, nrook_mini_backslash,
          grunt_decor_mini_mirrors, uniq_crazy_yiuf_cottage, uniq_terence,
          uniq_ijyb

Notes
Turn   | Place    | Note
-------+----------+-------------------------------------------
     0 | D:1      | spaghetti the Demigod Fighter began the quest for the Orb.
     0 | D:1      | Reached XP level 1. HP: 18/18 MP: 3/3
     0 | D:1      | magus.rc [v1.9.6]
   113 | D:1      | Reached skill level 3 in Fighting
   363 | D:1      | Reached XP level 2. HP: 24/26 MP: 4/4
   459 | D:1      | Reached skill level 3 in Armour
   835 | D:1      | Reached XP level 3. HP: 31/31 MP: 5/5
  1286 | D:2      | You pick up a book of Displacement and begin reading...
  1286 | D:2      | You add the spells Lesser Beckoning, Gell's Gravitas and
                  | Teleport Other to your library.
  1529 | D:2      | Noticed Robin
  1563 | D:2      | Killed Robin
  1564 | D:2      | Reached XP level 4. HP: 27/40 MP: 6/6
  1850 | D:2      | Reached skill level 4 in Fighting
  2333 | D:3      | Noticed Ijyb
  2343 | D:3      | Killed Ijyb
  2497 | D:3      | Reached skill level 4 in Armour
  2504 | D:3      | HP: 10/40 [gnoll/+2 vorpal flail (10)]
  2508 | D:3      | Slain by a gnoll

Vanquished Creatures
  Ijyb (D:3)
  Robin (D:2)
  2 gnolls
  An adder (D:2)
  2 dart slugs (D:1)
  3 ball pythons
  7 bats
  4 endoplasms
  2 giant cockroaches (D:2)
  8 hobgoblins
  4 jackals (D:2)
  7 kobolds
  A quokka (D:1)
  7 frilled lizards
  12 goblins
  5 rats
67 creatures vanquished.

Vanquished Creatures (others)
  2 plants (D:1)
2 creatures vanquished.

Grand Total: 69 creatures vanquished

Table legend:
 A = Non-vault XP
 B = Vault XP
 C = Vault XP percentage of total XP
 D = Non-vault monster count
 E = Vault monster count
 F = Vault count percentage of total count
                 A         B        C        D         E       F
            +---------+---------+-------+---------+---------+-------
      Total |     123 |      69 |  35.9 |      55 |      12 |  17.9
            +---------+---------+-------+---------+---------+-------
        D:1 |      55 |       0 |   0.0 |      26 |       0 |   0.0
        D:2 |      48 |      33 |  40.7 |      24 |      11 |  31.4
        D:3 |      20 |      36 |  64.3 |       5 |       1 |  16.7
            +---------+---------+-------+---------+---------+-------

Illustrated notes

Table legend:
 A = Kills in this place as a percentage of kills in entire the game.
 B = Kills by you in this place as a percentage of kills by you in the entire game.
 C = Kills by friends in this place as a percentage of kills by friends in the entire game.
 D = Other kills in this place as a percentage of other kills in the entire game.
 E = Experience gained in this place as a percentage of experience gained in the entire game.
 F = Experience gained in this place divided by the number of levels of this place that you have seen.
                   A       B       C       D       E      F
               +-------+-------+-------+-------+-------+----------------------
         Total | 100.0 | 100.0 |   N/A |   N/A | 100.0 |  64.0
       Dungeon | 100.0 | 100.0 |   N/A |   N/A | 100.0 |  64.0
               +-------+-------+-------+-------+-------+----------------------

Table legend: (Time is in decaauts)
 A = Elapsed time spent in this place.
 B = Non-inter-level travel time spent in this place.
 C = Inter-level travel time spent in this place.
 D = Time resting spent in this place.
 E = Time spent auto-exploring this place.
 F = Levels seen in this place.
 G = Mean time per level.
                   A        B        C        D        E       F      G
               +--------+--------+--------+--------+--------+-----+--------+
         Total |   2539 |   2501 |     38 |    185 |   1818 |   3 |  846.3 |
       Dungeon |   2539 |   2501 |     38 |    185 |   1818 |   3 |  846.3 |
               +--------+--------+--------+--------+--------+-----+--------+

Top non-repeatable levels by time:
     D:2: 1208 daAuts
     D:1: 1121 daAuts
     D:3: 209 daAuts
